 Dungeon Crawl Stone Soup version 0.18.1-1-g2f07953 (webtiles) character file.

280 MTVSty1e the Shield-Bearer (level 6, -8/48 HPs)
             Began as a Formicid Fighter on May 7, 2016.
             Mangled by Menkaure (25 damage)
             ... on level 4 of the Dungeon.
             The game lasted 00:10:46 (2970 turns).

MTVSty1e the Shield-Bearer (Formicid Fighter)       Turns: 2970, Time: 00:10:47

Health: -8/48      AC: 10    Str: 22    XL:     6   Next: 52%
Magic:  6/6        EV:  9    Int:  8    God:
Gold:   115        SH: 10    Dex: 10    Spells: 0 memorised, 5 levels left

rFire  . . .     SeeInvis +     a - +0 war axe
rCold  . . .     Gourm    .     b - +0 scale mail
rNeg   . . .     Faith    .     c - +0 shield
rPois  .         Spirit   .     (helmet unavailable)
rElec  .         Dismiss  .     h - +1 cloak
rCorr  +         Reflect  .     (no gloves)
SustAt .         Harm     +     g - +0 pair of boots
MR     .....                    i - amulet of harm
Stlth  ..........               m - ring of wizardry
                                d - ring of resist corrosion

@: not resistant to hostile enchantments, extremely unstealthy
A: permanent stasis, dig shafts and tunnels, four strong arms, antennae 3
a: Dig, Shaft Self


You were on level 4 of the Dungeon.
You were not hungry.

You visited 1 branch of the dungeon, and saw 4 of its levels.

You collected 115 gold pieces.

Inventory:

Hand Weapons
 a - a +0 war axe (weapon)
Armour
 b - a +0 scale mail (worn)
 c - a +0 shield (worn)
 g - a +0 pair of boots (worn)
 h - a +1 cloak (worn)
 k - a +1 scale mail of fire resistance
Jewellery
 d - a ring of resist corrosion (left hand)
 i - an amulet of harm (around neck)
 m - a ring of wizardry (right hand)
Potions
 e - 3 potions of curing
Comestibles
 f - a bread ration
 j - a beef jerky
 n - a royal jelly


   Skills:
 + Level 3.8 Fighting
 + Level 2.9 Axes
 + Level 4.2 Armour
 * Level 3.3 Dodging
 + Level 4.8 Shields


You had 5 spell levels left.
You didn't know any spells.

Dungeon Overview and Level Annotations

Branches:
Dungeon (4/15)
 Temple: D:4-7

Altars:
Ru
Zin

Shops:
D:4 [

Annotations:
D:4 Menkaure


Innate Abilities, Weirdness & Mutations

You are under a permanent stasis effect.
You can dig through walls and to a lower floor.
Your four strong arms can wield two-handed weapons with a shield.
You have a pair of large antennae on your head (SInv).


Message History

Ouch! That really hurt!
Menkaure mumbles some strange words.
Menkaure seems to speed up.
Menkaure calls on the powers of darkness!
Your body is wracked with pain!
* * * LOW HITPOINT WARNING * * *
Menkaure calls on the powers of darkness!
Your body is wracked with pain!
* * * LOW HITPOINT WARNING * * *
Found a stone staircase leading down.
Drink which item? (? for menu, Esc to quit)
It was a potion of berserk rage.
You cannot go berserk while under stasis.
Drink which item? (? for menu, Esc to quit)
You feel better. You block Menkaure's attack.
You hit Menkaure.
Menkaure is moderately damaged.
Menkaure barely misses you. Menkaure hits you!!
Ouch! That really hurt!
You die...

# .......... #.
#........# ##
#.###........####. ..
#......##..(###.. #..>
##......##....##.##....#
#.....#<.#.....#....#
.................#
.......#.......#M####.#
.......###...###@.....#
...##..##.....######..#
.. #.....#...### # .
#..##.#.....#
##.#....#...###
#.#M##.......#
#......#.......
.......##.......
#=...... #......


You could see Menkaure.

Vanquished Creatures
  A vampire bat (D:3)
  Ijyb (D:2)
  5 adders
  An adder skeleton (D:4)
  3 worms
  2 dart slugs
  3 fire bats (D:3)
  3 giant geckos
  3 orcs (D:3)
  2 spectral bats (D:3)
  A ball python (D:1)
  20 bats
  3 bat skeletons (D:3)
  A bat zombie (D:3)
  2 giant cockroaches
  5 goblins
  8 hobgoblins
  2 quokkas (D:2)
  A bat simulacrum (D:3)
  6 giant newts
  6 kobolds
  8 rats
87 creatures vanquished.

Notes
Turn   | Place    | Note
--------------------------------------------------------------
     0 | D:1      | MTVSty1e the Formicid Fighter began the quest for the Orb.
     0 | D:1      | Reached XP level 1. HP: 18/18 MP: 1/1
   131 | D:1      | Reached XP level 2. HP: 24/24 MP: 2/2
   334 | D:1      | Reached skill level 1 in Dodging
   377 | D:1      | Reached XP level 3. HP: 19/29 MP: 3/3
   800 | D:2      | Noticed Ijyb
   814 | D:2      | Killed Ijyb
   814 | D:2      | Reached XP level 4. HP: 25/35 MP: 4/4
  1198 | D:2      | Found a sacrificial altar of Ru.
  1684 | D:2      | Reached XP level 5. HP: 41/41 MP: 5/5
  2382 | D:3      | Reached XP level 6. HP: 48/48 MP: 6/6
  2625 | D:3      | Found a glowing silver altar of Zin.
  2945 | D:4      | Found Mipnoqun's Antique Armour Boutique.
  2947 | D:4      | Noticed Menkaure
  2970 | D:4      | Mangled by Menkaure

Skill      XL: |  1  2  3  4  5  6 |
---------------+-------------------+-----
Dodging        | 1 2 3 |  3.3
Shields        | 4 |  4.8
Armour         | 4 |  4.2
Fighting       | |  3.8
Axes           | |  2.9

Action                   |  1- 3 |  4- 6 || total
-------------------------+-------+-------++-------
Melee: War axe           |    76 |   226 ||   302
 Abil: Dig               |     1 |     5 ||     6
  Use: Scroll            |     2 |     4 ||     6
       Potion            |     1 |     3 ||     4
  Eat: Bread ration      |       |     2 ||     2
Armor: Scale mail        |    58 |   157 ||   215
Dodge: Dodged            |    50 |   129 ||   179
Block: Shield            |    70 |   204 ||   274
